 Dungeon Crawl Stone Soup version 0.18.1-48-g4cf74bf (webtiles) character file.

268 Razz the Poker (level 6, -4/37 HPs)
             Began as a Gargoyle Fighter on Aug 21, 2016.
             Slain by a gnoll
             ... wielding a +0 halberd
              (5 damage)
             ... on level 4 of the Dungeon.
             The game lasted 00:11:06 (3113 turns).

Razz the Poker (Gargoyle Fighter)                   Turns: 3113, Time: 00:11:07

Health: -4/37      AC: 11    Str: 25    XL:     6   Next: 21%
Magic:  6/6        EV:  7    Int:  9    God:
Gold:   136        SH:  9    Dex: 10    Spells: 0 memorised, 5 levels left

rFire  . . .     SeeInvis .     a - +0 trident
rCold  . . .     Gourm    .     b - +0 scale mail
rNeg   + . .     Faith    .     c - +0 shield
rPois  ∞         Spirit   .     (no helmet)
rElec  +         Dismiss  .     (no cloak)
rCorr  .         Reflect  .     (no gloves)
SustAt .         Harm     .     (no boots)
MR     .....                    (no amulet)
Stlth  ..........               (no ring)
                                (no ring)

@: mighty, not resistant to hostile enchantments, extremely unstealthy
A: negative energy resistance 1, electricity resistance, unbreathing,
petrification resistance, rot immunity, AC +4
a: no special abilities


You were on level 4 of the Dungeon.
You were not hungry.

You visited 1 branch of the dungeon, and saw 4 of its levels.

You collected 136 gold pieces.

Inventory:

Hand Weapons
 a - a +0 trident (weapon)
 e - a +0 dagger of venom
 o - a +0 whip of draining
 r - a +0 hunting sling
Missiles
 s - 18 sling bullets (quivered)
Armour
 b - a +0 scale mail (worn)
 c - a +0 shield (worn)
 q - a +0 leather armour
Scrolls
 m - a scroll of identify {unknown}
 u - a scroll of remove curse
Potions
 g - 2 potions of heal wounds {unknown}
 i - 2 potions of magic {unknown}
 k - a potion of cure mutation {unknown}
 l - a potion of curing {unknown}
 n - 2 potions of invisibility {unknown}
Books
 h - a book of Flames

   Spells                             Type                      Level
   a - Flame Tongue                   Conjuration/Fire             1
   b - Throw Flame                    Conjuration/Fire             2
   c - Conjure Flame                  Conjuration/Fire             3
   d - Inner Flame                    Hexes/Fire                   3
   e - Sticky Flame                   Conjuration/Fire             4
   f - Fireball                       Conjuration/Fire             5
Comestibles
 f - a bread ration
 j - a meat ration
 p - a slice of pizza


   Skills:
 - Level 3.2 Fighting
 * Level 5.0 Polearms
 + Level 4.7 Armour
 - Level 3.2 Shields


You had 5 spell levels left.
You didn't know any spells.

Dungeon Overview and Level Annotations

Branches:
Dungeon (4/15)
 Temple: D:4-7

Altars:
Dithmenos
Nemelex Xobeh
Pakellas
Qazlal
Zin


Innate Abilities, Weirdness & Mutations

You are resistant to torment.
Your stone body is resilient (AC +4).
You are immune to poison.
You resist negative energy.
You are resistant to electric shocks.
You can survive without breathing.
You are immune to petrification.
You are immune to rotting.


Message History

You closely miss the gnoll. You block the gnoll's attack.
The gnoll hits you with a halberd!
* * * LOW HITPOINT WARNING * * *
You hit the gnoll.
The gnoll is moderately wounded.
The gnoll barely misses you. You block the gnoll's attack.
You closely miss the gnoll.
The gnoll is moderately wounded.
You block the gnoll's attack. The gnoll hits you but does no damage.
Drink which item? (? for menu, Esc to quit)
You can't drink that!
Drink which item? (? for menu, Esc to quit)
You feel very mighty all of a sudden.
The gnoll hits you from afar with a halberd!
* * * LOW HITPOINT WARNING * * *
You puncture the gnoll!
The gnoll is severely wounded.
The gnoll barely misses you.
The gnoll hits you from afar with a halberd.
You die...

###......######
.........########
................# ##
.....##'........# . .....
#'........# .#
#######'........###.#
#.......g....#...#
#.......g#####'###
#........g@......#####
#........###.....#...######
#........# #......._.......
#........# #...............
#........# #...............
#........###...._..8.._....
#..........................
#####.....................
#............._...####


You could see 2 gnolls.

Vanquished Creatures
  A phantom (D:4)
  A worker ant (D:4)
  5 adders
  3 oozes
  An adder skeleton (D:4)
  2 worms
  A giant gecko (D:3)
  9 orcs (D:3)
  A ball python (D:2)
  6 giant cockroaches
  7 goblins
  6 hobgoblins
  4 jackals (D:3)
  2 quokkas
  6 bats
  4 giant newts (D:2)
  5 kobolds
  35 rats
99 creatures vanquished.

Notes
Turn   | Place    | Note
--------------------------------------------------------------
     0 | D:1      | Razz the Gargoyle Fighter began the quest for the Orb.
     0 | D:1      | Reached XP level 1. HP: 14/14 MP: 1/1
    99 | D:1      | Reached skill level 2 in Polearms
   849 | D:1      | Reached XP level 2. HP: 19/19 MP: 2/2
  1166 | D:2      | Reached XP level 3. HP: 23/23 MP: 3/3
  1301 | D:2      | Reached skill level 3 in Polearms
  1577 | D:2      | Reached XP level 4. HP: 27/28 MP: 4/4
  2448 | D:3      | Reached XP level 5. HP: 27/32 MP: 5/5
  2477 | D:3      | Found an oddly glowing altar of Pakellas.
  2495 | D:3      | Reached skill level 4 in Polearms
  2974 | D:4      | Found a sparkling altar of Nemelex Xobeh.
  2977 | D:4      | Found a glowing silver altar of Zin.
  2977 | D:4      | Found a shadowy altar of Dithmenos.
  2980 | D:4      | Found a stormy altar of Qazlal.
  2996 | D:4      | Noticed a phantom
  3031 | D:4      | Killed a phantom
  3031 | D:4      | Reached skill level 5 in Polearms
  3031 | D:4      | Reached XP level 6. HP: 15/37 MP: 6/6
  3112 | D:4      | HP: 1/37 [gnoll/halberd (9)]
  3113 | D:4      | Slain by a gnoll

Skill      XL: |  1  2  3  4  5 |
---------------+----------------+-----
Polearms       | 2 3 5 |  5.0
Armour         | 4 |  4.7
Fighting       | |  3.2
Shields        | |  3.2

Action                   |  1- 3 |  4- 6 || total
-------------------------+-------+-------++-------
Melee: Trident           |   157 |   229 ||   386
Throw: Stone             |    17 |    14 ||    31
  Use: Scroll            |       |     2 ||     2
       Potion            |       |     1 ||     1
  Eat: Chunk             |     2 |     1 ||     3
       Bread ration      |       |     1 ||     1
Armor: Scale mail        |    84 |    98 ||   182
Dodge: Dodged            |    45 |    44 ||    89
Block: Shield            |    80 |   101 ||   181
